MLB
TAMPA BAY RAYS @ BALTIMORE ORIOLES
08/19/2108
 
TOP OF THE 1ST
Tampa Bay Rays batting - Pitching for Baltimore Orioles : LHP Rick Hutson
Pitching: LHP Rick Hutson
Batting: LHB Joey Boutin 0-0: Ball
1-0: Foul Ball, location: 2F
1-1: Foul Ball, location: 5DF
1-2: Strikes out looking
Batting: RHB Tony Aguilar 0-0: Fly out, F9 (Flyball, 9, EV 91.9 MPH)
Batting: SHB Dan Wimmer 0-0: Called Strike
0-1: Foul Ball, location: 2RF
0-2: Ball
1-2: Fly out, F9 (Flyball, 9, EV 88.8 MPH)
Top of the 1st over - 0 runs, 0 hits, 0 errors, 0 left on base; Tampa Bay 0 - Baltimore 0
BOTTOM OF THE 1ST
Baltimore Orioles batting - Pitching for Tampa Bay Rays : LHP Erik Catlett
Pitching: LHP Erik Catlett
Batting: LHB Nick Cheney 0-0: Called Strike
0-1: Foul Ball, location: 2F
0-2: Foul Ball, location: 7LDF
0-2: Strikes out swinging
Batting: RHB Brian Lannigan 0-0: Ball
1-0: SINGLE (Line Drive, 89S, EV 103.1 MPH)
Batting: RHB Tyler Cone 0-0: Grounds into double play, 4-6-3 (Groundball, 34S, EV 86.3 MPH)
Bottom of the 1st over - 0 runs, 1 hit, 0 errors, 0 left on base; Tampa Bay 0 - Baltimore 0
TOP OF THE 2ND
Tampa Bay Rays batting - Pitching for Baltimore Orioles : LHP Rick Hutson
Batting: LHB Dave Van den Bussche 0-0: Ball
1-0: Fly out, F8 (Flyball, 8LS, EV 79.4 MPH)
Batting: LHB Brian Benn 0-0: Called Strike
0-1: Ball
1-1: Foul Ball, location: 7LMF
1-2: Ground out U3 (Groundball, 34, EV 83.1 MPH)
Batting: SHB Paul Shapiro 0-0: Called Strike
0-1: Ball
1-1: Called Strike
1-2: Ball
2-2: Ball
3-2: Base on Balls
Batting: LHB Nelson Alvarado 0-0: Ball
1-0: Foul Ball, location: 7LDF
1-1: Called Strike
1-2: Ball
2-2: Strikes out looking
Top of the 2nd over - 0 runs, 0 hits, 0 errors, 1 left on base; Tampa Bay 0 - Baltimore 0
BOTTOM OF THE 2ND
Baltimore Orioles batting - Pitching for Tampa Bay Rays : LHP Erik Catlett
Batting: RHB Brian Baumbach 0-0: Ball
1-0: Ball
2-0: Fly out, F3 (Popup, 34S, EV 62.5 MPH)
Batting: RHB John Healey 0-0: Foul Ball, location: 2F
0-1: Ball
1-1: Swinging Strike
1-2: Strikes out swinging
Batting: LHB Colin Hanna 0-0: Ball
1-0: Foul Ball, location: 2F
1-1: Fly out, F7 (Flyball, 78M, EV 93.1 MPH)
Bottom of the 2nd over - 0 runs, 0 hits, 0 errors, 0 left on base; Tampa Bay 0 - Baltimore 0
TOP OF THE 3RD
Tampa Bay Rays batting - Pitching for Baltimore Orioles : LHP Rick Hutson
Batting: RHB Joe Slayback 0-0: SINGLE (Line Drive, 8LS, EV 86.9 MPH)
Batting: RHB Estibenzon Holmes 0-0: Sac Bunt to 23 - play at first, batter OUT! 3-4
Joe Slayback to second
Pitching: RHP Willis Romero
Batting: LHB Joey Boutin 0-0: Ball
1-0: Foul Ball, location: 23FF
1-1: Ball
2-1: Ball
3-1: Foul Ball, location: 5F
3-2: Foul Ball, location: 3SF
3-2: Base on Balls
Batting: RHB Tony Aguilar 0-0: Ball
1-0: Ball
2-0: Foul Ball, location: 2F
2-1: Grounds into double play, 6-4-3 (Groundball, 6, EV 93.8 MPH)
Top of the 3rd over - 0 runs, 1 hit, 0 errors, 1 left on base; Tampa Bay 0 - Baltimore 0
BOTTOM OF THE 3RD
Baltimore Orioles batting - Pitching for Tampa Bay Rays : LHP Erik Catlett
Batting: RHB Taylor Clarke 0-0: Ball
1-0: Ball
2-0: Ball
3-0: Swinging Strike
3-1: Fly out, F8 (Flyball, 89M, EV 96.3 MPH)
Batting: RHB Matt Bond 0-0: Swinging Strike
0-1: Called Strike
0-2: Ball
1-2: Ball
2-2: Foul Ball, location: 2F
2-2: Foul Ball, location: 9LSF
2-2: Ball
3-2: Strikes out swinging
Batting: LHB Joseph Thomson 0-0: Ball
1-0: Called Strike
1-1: Ball
2-1: Foul Ball, location: 7LDF
2-2: Ball
3-2: Base on Balls
Batting: LHB Nick Cheney 0-0: Ball
1-0: Swinging Strike
1-1: Ball
2-1: Ground out 4-3 (Groundball, 34D, EV 98.1 MPH)
Bottom of the 3rd over - 0 runs, 0 hits, 0 errors, 1 left on base; Tampa Bay 0 - Baltimore 0
TOP OF THE 4TH
Tampa Bay Rays batting - Pitching for Baltimore Orioles : RHP Willis Romero
Batting: SHB Dan Wimmer 0-0: Called Strike
0-1: SINGLE (Groundball, 6MD, EV 100.0 MPH)
Batting: LHB Dave Van den Bussche 0-0: Ball
1-0: Ball
2-0: Swinging Strike
2-1: Ball
3-1: Swinging Strike
3-2: Base on Balls
Dan Wimmer to second
Batting: LHB Brian Benn 0-0: Called Strike
0-1: Foul Ball, location: 3F
0-2: Ball
1-2: Ball
2-2: Fly out, F8 (Line Drive, 8RD, EV 92.5 MPH)
Batting: SHB Paul Shapiro 0-0: Called Strike
0-1: Foul Ball, location: 23F
0-2: Fly out, F9 (Flyball, 9, EV 91.3 MPH)
Batting: LHB Nelson Alvarado 0-0: Foul Ball, location: 7LDF
0-1: Ball
1-1: Ball
2-1: Swinging Strike
2-2: Fly out, F8 (Line Drive, 8RD, EV 90.0 MPH)
Top of the 4th over - 0 runs, 1 hit, 0 errors, 2 left on base; Tampa Bay 0 - Baltimore 0
BOTTOM OF THE 4TH
Baltimore Orioles batting - Pitching for Tampa Bay Rays : LHP Erik Catlett
Batting: RHB Brian Lannigan 0-0: Foul Ball, location: 5F
0-1: Foul Ball, location: 9LSF
0-2: Ball
1-2: Strikes out swinging, 2-3 out at first.
Batting: RHB Tyler Cone 0-0: Ball
1-0: Fly out, F9 (Flyball, 9D, EV 96.9 MPH)
Batting: RHB Brian Baumbach 0-0: Swinging Strike
0-1: Swinging Strike
0-2: Hit by Pitch
Batting: RHB John Healey 0-0: Ball
1-0: Called Strike
1-1: Ball
2-1: Fly out, F8 (Flyball, 8LM, EV 83.1 MPH)
Bottom of the 4th over - 0 runs, 0 hits, 0 errors, 1 left on base; Tampa Bay 0 - Baltimore 0
TOP OF THE 5TH
Tampa Bay Rays batting - Pitching for Baltimore Orioles : RHP Willis Romero
Batting: RHB Joe Slayback 0-0: Ball
1-0: Swinging Strike
1-1: Called Strike
1-2: Foul Ball, location: 2F
1-2: Foul Ball, location: 2F
1-2: Ball
2-2: Ground out 5-3 (Groundball, 5, EV 91.9 MPH)
Batting: RHB Estibenzon Holmes 0-0: Called Strike
0-1: Foul Ball, location: 23F
0-2: Ball
1-2: Ground out 1-3 (Groundball, 13, EV 69.4 MPH)
Batting: LHB Joey Boutin 0-0: Foul Ball, location: 2F
0-1: Foul Ball, location: 23F
0-2: Foul Ball, location: 3DF
0-2: Ball
1-2: Foul Ball, location: 5FF
1-2: Ball
2-2: Ball
3-2: Foul Ball, location: 5SF
3-2: Foul Ball, location: 2F
3-2: SINGLE (Line Drive, 7S, EV 90.0 MPH)
Pitching: LHP Brian Groeschen
Batting: RHB Tony Aguilar 0-0: Called Strike
0-1: Called Strike
0-2: Ball
Joey Boutin is caught stealing 2nd base 2-4
Top of the 5th over - 0 runs, 1 hit, 0 errors, 0 left on base; Tampa Bay 0 - Baltimore 0
BOTTOM OF THE 5TH
Baltimore Orioles batting - Pitching for Tampa Bay Rays : LHP Erik Catlett
Batting: LHB Colin Hanna 0-0: Called Strike
0-1: Ball
1-1: Foul Ball, location: 23F
1-2: SOLO HOME RUN (Flyball, 7LD, EV 92.5 MPH), Distance : 344 ft
Batting: RHB Taylor Clarke 0-0: Ball
1-0: Ball
2-0: Called Strike
2-1: Ball
3-1: Foul Ball, location: 9LMF
3-2: Foul Ball, location: 9LMF
3-2: Foul Ball, location: 2F
3-2: Strikes out swinging
Batting: RHB Matt Bond 0-0: Ball
1-0: Fly out, F8 (Flyball, 8RD, EV 107.5 MPH)
Batting: LHB Joseph Thomson 0-0: Ball
1-0: Ground out 6-3 (Groundball, 6, EV 86.9 MPH)
Bottom of the 5th over - 1 run, 1 hit, 0 errors, 0 left on base; Tampa Bay 0 - Baltimore 1
TOP OF THE 6TH
Tampa Bay Rays batting - Pitching for Baltimore Orioles : LHP Brian Groeschen
Batting: RHB Tony Aguilar 0-0: Foul Ball, location: 9LSF
0-1: Called Strike
0-2: Strikes out swinging
Batting: SHB Dan Wimmer 0-0: Ball
1-0: SINGLE (Flyball, 9LS, EV 96.9 MPH)
Batting: LHB Dave Van den Bussche 0-0: Called Strike
0-1: Ball
1-1: Ball
2-1: Ball
3-1: Swinging Strike
3-2: Strikes out swinging
Batting: LHB Brian Benn 0-0: Called Strike
0-1: Foul Ball, location: 2F
0-2: Strikes out swinging
Top of the 6th over - 0 runs, 1 hit, 0 errors, 1 left on base; Tampa Bay 0 - Baltimore 1
BOTTOM OF THE 6TH
Baltimore Orioles batting - Pitching for Tampa Bay Rays : LHP Erik Catlett
Batting: LHB Nick Cheney 0-0: Foul Ball, location: 2F
0-1: Ball
1-1: Foul Ball, location: 7LMF
1-2: Foul Ball, location: 9LMF
1-2: Foul Ball, location: 2F
1-2: Fly out, F7 (Line Drive, 7S, EV 93.1 MPH)
Batting: RHB Brian Lannigan 0-0: Called Strike
0-1: Ball
1-1: Foul Ball, location: 23F
1-2: Strikes out looking
Batting: RHB Tyler Cone 0-0: Ball
1-0: SOLO HOME RUN (Flyball, 89XD, EV 99.4 MPH), Distance : 387 ft
Batting: RHB Brian Baumbach 0-0: Ball
1-0: Ball
2-0: Ball
3-0: Called Strike
3-1: Fly out, F8 (Line Drive, 8LD, EV 89.4 MPH)
Bottom of the 6th over - 1 run, 1 hit, 0 errors, 0 left on base; Tampa Bay 0 - Baltimore 2
TOP OF THE 7TH
Tampa Bay Rays batting - Pitching for Baltimore Orioles : LHP Brian Groeschen
Batting: SHB Paul Shapiro 0-0: SOLO HOME RUN (Flyball, 9LD, EV 95.6 MPH), Distance : 350 ft
Batting: LHB Nelson Alvarado 0-0: Called Strike
0-1: Foul Ball, location: 5F
0-2: Ball
1-2: Fly out, F9 (Flyball, 9, EV 82.5 MPH)
Batting: RHB Joe Slayback 0-0: Called Strike
0-1: Foul Ball, location: 9LMFF
0-2: Ball
1-2: Ground out 6-3 (Groundball, 6S, EV 66.9 MPH)
Batting: RHB Estibenzon Holmes 0-0: Called Strike
0-1: Called Strike
0-2: Ball
1-2: SINGLE (Groundball, 56D, EV 100.0 MPH)
Pitching: RHP Bryce Beasley
Batting: LHB Joey Boutin 0-0: Swinging Strike
0-1: Called Strike
0-2: SINGLE (Line Drive, 56D, EV 106.3 MPH)
Estibenzon Holmes to second
Batting: RHB Tony Aguilar 0-0: Ground out 3-1 (Groundball, 34S, EV 87.5 MPH)
Top of the 7th over - 1 run, 3 hits, 0 errors, 2 left on base; Tampa Bay 1 - Baltimore 2
BOTTOM OF THE 7TH
Baltimore Orioles batting - Pitching for Tampa Bay Rays : LHP Erik Catlett
Pitching: RHP Joe Owens
Batting: RHB John Healey 0-0: Foul Ball, location: 3F
0-1: Foul Ball, location: 2F
0-2: Ball
1-2: Ball
2-2: Ball
3-2: Foul Ball, location: 2F
3-2: Ground out 6-3 (Groundball, 6, EV 88.1 MPH)
Batting: LHB Colin Hanna 0-0: Ball
1-0: Swinging Strike
1-1: Foul Ball, location: 7LDF
1-2: Strikes out swinging passed ball, reaches first!
Batting: RHB Taylor Clarke 0-0: Ball
1-0: Ball
2-0: Called Strike
2-1: Foul Ball, location: 5FF
2-2: Strikes out looking
Colin Hanna steals 2nd base
Batter strikes out.
Batting: RHB Matt Bond 0-0: Ball
1-0: SINGLE (Line Drive, 89M, EV 103.1 MPH)
Colin Hanna to third
Runner from 3rd tries for Home, SAFE, throw by CF to home
Batting: LHB Joseph Thomson 0-0: Ball
1-0: Ball
2-0: Ball
3-0: Base on Balls
Matt Bond to second
Pitching: LHP Malachi Scott
Batting: LHB Nick Cheney 0-0: Called Strike
0-1: Called Strike
0-2: Foul Ball, location: 7LSF
0-2: Ball
1-2: Ball
2-2: Foul Ball, location: 2F
2-2: Foul Ball, location: 2F
2-2: Fly out, F4 (Line Drive, 4MD, EV 68.8 MPH)
Bottom of the 7th over - 1 run, 1 hit, 0 errors, 2 left on base; Tampa Bay 1 - Baltimore 3
TOP OF THE 8TH
Tampa Bay Rays batting - Pitching for Baltimore Orioles : RHP Bryce Beasley
Batting: SHB Dan Wimmer 0-0: Ball
1-0: Called Strike
1-1: Ball
2-1: Ball
3-1: Foul Ball, location: 7LMF
3-2: Base on Balls
Batting: LHB Dave Van den Bussche 0-0: Foul Ball, location: 2F
0-1: Ball
1-1: Swinging Strike
1-2: Ball
2-2: Strikes out swinging
Pitching: LHP Ray Brown
Pinch Hitting: RHB Dirk Richardson 0-0: Called Strike
0-1: Swinging Strike
0-2: SINGLE (Groundball, 6MD, EV 102.5 MPH)
Dan Wimmer to second
Runner from 2nd tries for 3rd, SAFE, throw by CF made to third
Dirk Richardson to second
Batting: SHB Paul Shapiro 0-0: Called Strike
0-1: Swinging Strike
0-2: Foul Ball, location: 9LDF
0-2: Strikes out looking
Pinch Hitting: RHB Aaron Hayes 0-0: Ball
1-0: Ball
2-0: Ground out 6-3 (Groundball, 6S, EV 90.0 MPH)
Top of the 8th over - 0 runs, 1 hit, 0 errors, 2 left on base; Tampa Bay 1 - Baltimore 3
BOTTOM OF THE 8TH
Baltimore Orioles batting - Pitching for Tampa Bay Rays : LHP Malachi Scott
Now in LF: Dirk Richardson
Now in CF: Joey Boutin
Now in RF: Aaron Hayes
Batting: RHB Brian Lannigan 0-0: Ball
1-0: Ball
2-0: Called Strike
2-1: Called Strike
2-2: Strikes out looking
Batting: RHB Tyler Cone 0-0: Called Strike
0-1: Foul Ball, location: 23F
0-2: Foul Ball, location: 5FF
0-2: Ball
1-2: Foul Ball, location: 9LSF
1-2: Ground out 5-3 (Groundball, 56S, EV 80.6 MPH)
Batting: RHB Brian Baumbach 0-0: Ball
1-0: Ball
2-0: SINGLE (Line Drive, 89M, EV 86.3 MPH)
Batting: RHB John Healey 0-0: Foul Ball, location: 9LSF
0-1: Swinging Strike
0-2: Fly out, F3 (Popup, 34S, EV 75.6 MPH)
Bottom of the 8th over - 0 runs, 1 hit, 0 errors, 1 left on base; Tampa Bay 1 - Baltimore 3
TOP OF THE 9TH
Tampa Bay Rays batting - Pitching for Baltimore Orioles : LHP Ray Brown
Pitching: RHP Matt Olson
Batting: RHB Joe Slayback 0-0: Ball
1-0: Ball
2-0: Foul Ball, location: 3DF
2-1: Swinging Strike
2-2: Strikes out swinging
Batting: RHB Estibenzon Holmes 0-0: Called Strike
0-1: Ball
1-1: Foul Ball, location: 25FF
1-2: Strikes out looking
Batting: LHB Joey Boutin 0-0: Ball
1-0: Ball
2-0: Called Strike
2-1: Ball
3-1: Called Strike
3-2: Strikes out swinging
Top of the 9th over - 0 runs, 0 hits, 0 errors, 0 left on base; Tampa Bay 1 - Baltimore 3
Wednesday, March 26th , 2025 - OOTP Baseball 25.11 Build 104